 Dungeon Crawl Stone Soup version 0.26.0-18-gc5c842f807 (webtiles) character file.

Game seed: 12843597689369747104

13 thiole the Magician (level 2, -6/17 HPs)
             Began as an Octopode Hedge Wizard on Jan 22, 2021.
             Mangled by Sigmund
             ... wielding a +0 scythe
              (7 damage)
             ... on level 2 of the Dungeon.
             The game lasted 00:00:47 (719 turns).

thiole the Magician (Octopode Hedge Wizard)          Turns: 719, Time: 00:00:47

Health: -6/17      AC:  5    Str:  9    XL:     2   Next: 37%
Magic:  4/6        EV: 13    Int: 16    God:
Gold:   0          SH:  0    Dex: 11    Spells: 6/7 levels left

rFire    . . .     SeeInvis .   a - +0 dagger
rCold    . . .     Faith    .   (no shield)
rNeg     . . .     Spirit   .   b - +0 hat
rPois    .         Reflect  .   (no amulet)
rElec    .         Harm     .   g - +4 ring of protection
rCorr    .         Rampage  .   (no ring)
Will     .....                  (no ring)
Stlth    +++.......             (no ring)
HPRegen  0.05/turn              (no ring)
MPRegen  0.10/turn              (no ring)
                                (no ring)
                                (no ring)

@: no status effects
A: almost no armour, stealthy swim, amphibious, 8 rings, constrict 8, camouflage
1, gelatinous body 1
a: no special abilities


You were on level 2 of the Dungeon.
You visited 1 branch of the dungeon, and saw 2 of its levels.

Inventory:

Hand Weapons
 a - a +0 dagger (weapon)
Armour
 b - a +0 hat (worn)
Jewellery
 g - a +4 ring of protection (left tentacle)
Scrolls
 c - a scroll of remove curse {unknown}
 d - 2 scrolls of identify {unknown}
 f - 2 scrolls of amnesia {unknown}
Potions
 e - a potion of haste {unknown}


   Skills:
 - Level 2.0 Dodging
 + Level 2.9 Stealth
 + Level 3.0 Spellcasting
 * Level 1.6 Conjurations
 * Level 1.4 Summonings
 - Level 1.0 Translocations


You had 6 spell levels left.
You knew the following spells:

 Your Spells              Type           Power        Failure   Level
a - Magic Dart            Conj           28%          10%         1

Your spell library contained the following spells:

 Spells                   Type           Power        Failure   Level
 Call Imp                 Summ           7%           16%         2
 Blink                    Tloc           N/A          19%         2
 Slow                     Hex            2%           28%         2
 Conjure Flame            Conj/Fire      5%           36%         3
 Mephitic Cloud           Conj/Pois/Air  4%           41%         3


Dungeon Overview and Level Annotations

Branches:
Dungeon (2/15)

Altars:

Annotations:
D:2 Sigmund


Innate Abilities, Weirdness & Mutations

You cannot wear most types of armour.
You are very stealthy in the water. (Stealth+)
You are amphibious.
You can wear up to eight rings at the same time.
You can use your tentacles to constrict eight enemies at once.
Your skin changes colour to match your surroundings (Stealth+).
Your rubbery body absorbs attacks. (AC +1, EV +1)


Message History

Press: ? - help, Shift-Dir - straight line, f/p - Sigmund
Aim: Sigmund, wielding a +0 scythe and wearing a +0 robe (moderately wounded, 0% to evade)
The magic dart hits Sigmund.
Sigmund is heavily wounded.
Sigmund gestures at himself while chanting.
Sigmund flickers and vanishes!
Deactivating autopickup; reactivate with Ctrl-A.
g - a +4 ring of protection (left tentacle)
Something completely misses you.
Hit: a) +0 dagger
Press: ? - help, Dir - move target You barely miss something.
You squeeze something.
Hit: a) +0 dagger
Press: ? - help, Dir - move target You barely miss something.
Something hits you.
* * * LOW HITPOINT WARNING * * *
Hit: a) +0 dagger
Press: ? - help, Dir - move target You hit something.
Something hits you!
You die...

#..# #.##### #. ###..#
#.....# ..## #....#
#####.# ..... ...#.# #.#
$.... #.# .# #.#
...........# #.#
....!.#.#.# #.#
..?..#.{.# #.#
$......@###########.####
#######...........#....#
#.#########.####.# #.#
#.# #.# #.# #.# #.# #.#
#.####.# #.# #......#
#.# ######## ..


There were no monsters in sight!

Vanquished Creatures
  An ooze (D:2)
  2 bats (D:1)
  2 hobgoblins (D:1)
  A frilled lizard (D:2)
  2 rats
8 creatures vanquished.

Notes
Turn   | Place    | Note
-------+----------+-------------------------------------------
     0 | D:1      | thiole the Octopode Hedge Wizard began the quest for the
                  | Orb.
     0 | D:1      | Reached XP level 1. HP: 11/11 MP: 4/4
   308 | D:2      | Reached XP level 2. HP: 1/17 MP: 6/6
   708 | D:2      | Noticed Sigmund
   719 | D:2      | Mangled by Sigmund

Illustrated notes

Levels and vault maps discovered:
D:1:      dpeg_arrival_pits, layout_loops_ring, minmay_vboxes
D:2:      layout_loops_ring, uniq_sigmund, uniq_robin

Action                   || total
-------------------------++-------
Melee: Dagger            ||    16
       Tentacles         ||     3
 Cast: Magic Dart        ||    17
 Stab: Sleeping          ||     2
Armor: Skin              ||     1
Dodge: Dodged            ||     5
